 Dungeon Crawl Stone Soup version 0.31-a0-662-g684573625c (webtiles) character file.

Game seed: 2671261134738600187

163 DocEon the Changeling (level 5, -5/40 HPs)
             Began as a Draconian Shapeshifter on Sept 1, 2023.
             Killed from afar by an orc wizard (10 damage)
             ... with a puff of flame
             ... on level 4 of the Dungeon.
             The game lasted 00:03:14 (2747 turns).

DocEon the Changeling (Draconian Shapeshifter)      Turns: 2747, Time: 00:03:15

Health: -5/40      AC:  5    Str: 15 (17) XL:     5   Next: 20%
Magic:  5/5        EV: 12    Int: 10 (12) God:
Gold:   153        SH:  0    Dex:  9 (10) Spells: 4/4 levels left

rFire   . .          .
                       - Unarmed
rCold   . . .        (no shield)
rNeg    . . .        (body armour unavailable)
rPois   .            (helmet currently unavailable)
rElec   .            (cloak currently unavailable)
rCorr   .            (gloves currently unavailable)
SInv    .            (boots currently unavailable)
Will    .....        (no amulet)
Stlth   +            (no ring)
HPRegen 0.26/turn    (no ring)
MPRegen 0.09/turn

%: no passive effects
@: confused, beast-form, weak-willed
A: beast (slay +2), AC +5, unfitting armour, cold-blooded
a: Begin Untransformation


You were on level 4 of the Dungeon.
You were a hulking beast.
You visited 1 branch of the dungeon, and saw 4 of its levels.

You collected 153 gold pieces.

Inventory:

Jewellery
 m - a +4 ring of protection
Talismans
 b - a beast talisman (active)
 c - a flux talisman
Scrolls
 a - 3 scrolls of identify
 d - a scroll of revelation
 f - a scroll of fear
Potions
 k - a potion of mutation
 o - a potion of curing


   Skills:
 - Level 1.1 Fighting
 - Level 1.7 Dodging
 + Level 4.1 Unarmed Combat
 * Level 4.8 Shapeshifting


You had 4 spell levels left.
You didn't know any spells.
Your spell library contained the following spells:

 Spells                   Type           Power      Damage    Failure   Level
 Foxfire                  Conj/Fire      0%         2x1d4     36%         1
 Scorch                   Fire           0%         2d5       50%         2
 Summon Guardian Golem    Hex/Summ       0%         N/A       75%         3
 Tukima's Dance           Hex            0%         N/A       75%         3
 Flame Wave               Conj/Fire      0%         2d4       98%         4
 Passage of Golubria      Tloc           0%         N/A       98%         4
 Yara's Violent Unravell  Hex/Tmut       0%         3d3       100%        5
 Plasma Beam              Fire/Air       0%         2x1d10    100%        6
 Starburst                Conj/Fire      0%         6d3       100%        6
 Summon Cactus Giant      Summ           0%         N/A       100%        6
 Orb of Destruction       Conj           0%         9d5       100%        7
 Spellforged Servitor     Conj/Summ      0%         N/A       100%        7


Dungeon Overview and Level Annotations

Branches:
Dungeon (4/15)
 Temple: D:4-7

Altars:
Xom

Annotations:
D:4 Dowan, Duvessa


Innate Abilities, Weirdness & Mutations

You are a hulking beast.
Your limbs bulge with bestial killing power. (Slay +2)
Your plain brown scales are hard. (AC +5)
You cannot fit into any form of body armour.
You are cold-blooded and may be slowed by cold attacks.


Message History

You hear some strange, mumbled words.
You are confused.
Something hits you but does no damage. Something barely misses you.
You barely miss something.
Your tail-slap misses something.
Something hits you.
You hear some strange, mumbled words.
Something tries to affect you, but you resist.
Something hits you but does no damage. The orc misses you.
You barely miss something. Your punch misses something.
Something hits you but does no damage. Something hits you.
Something hits you but does no damage. The orc hits you with a +0 club.
Something hits you.
You barely miss something.
Your tail-slap misses something.
Something hits you.
You hear some strange, mumbled words.
You are more confused.
The orc hits you with a +0 club.
You hear some strange, mumbled words.
You completely miss something. The ufetubus closely misses you.
The ufetubus barely misses you. Something hits you but does no damage.
The orc closely misses you.
You completely miss something. The ufetubus barely misses you. x2
Something hits you. Something hits you but does no damage.
The orc hits you with a +0 club. Something hits you.
You miss something. The ufetubus hits you.
* * * LOW HITPOINT WARNING * * *
The ufetubus barely misses you.
The ufetubus hits you but does no damage.
The ufetubus hits you.
* * * LOW HITPOINT WARNING * * *
Something hits you.
* * * LOW HITPOINT WARNING * * *
The orc hits you with a +0 club.
* * * LOW HITPOINT WARNING * * *
Something hits you.
* * * LOW HITPOINT WARNING * * *
You bump into the rock wall.
Something hits you but does no damage. The ufetubus barely misses you.
The ufetubus closely misses you.
You hear some strange, mumbled words.
A puff of flame appears from out of thin air!
The puff of flame hits you!
You die...

### ### .. #... .>##...
#..#... .....### #.....
###........####.#..#
......# #.......#.. # .
...... ...#..... .#..
....# #.. #..##.....
....# # #..##5{{......
....##.####....oh{......
..............)#........
####......###.##..#....#
##...####........#......
...### #####...........
.#...># ###.......... .#
##.######............
.### ........#.........
...# ##.##............


You could see an orc and an ufetubus.

Vanquished Creatures
  Terence (D:3)
  Robin (D:2)
  5 adders
  2 worms (D:3)
  5 ball pythons
  9 endoplasms
  2 giant cockroaches
  14 goblins
  7 hobgoblins
  9 jackals
  2 quokkas (D:1)
  4 bats
  A frilled lizard (D:1)
  3 kobolds
  5 rats
70 creatures vanquished.

Notes
Turn   | Place    | Note
-------+----------+-------------------------------------------
     0 | D:1      | DocEon the Draconian Shapeshifter began the quest for the
                  | Orb.
     0 | D:1      | Reached XP level 1. HP: 16/16 MP: 1/1
   108 | D:1      | Reached XP level 2. HP: 6/23 MP: 2/2
  1069 | D:2      | Reached XP level 3. HP: 27/28 MP: 3/3
  1080 | D:2      | Noticed Robin
  1109 | D:2      | Killed Robin
  1234 | D:2      | Reached XP level 4. HP: 32/35 MP: 4/4
  1975 | D:3      | Noticed Terence
  1982 | D:3      | Killed Terence
  2020 | D:3      | Reached XP level 5. HP: 37/40 MP: 5/5
  2166 | D:3      | Found a shimmering altar of Xom.
  2507 | D:4      | Noticed Duvessa
  2507 | D:4      | Noticed Dowan
  2534 | D:4      | HP: 2/40 [Duvessa/+0 rapier (9)]
  2747 | D:4      | Killed from afar by an orc wizard

Illustrated notes

Levels and vault maps discovered:
D:1:      denvon_arrival_hothouse, layout_basic, minmay_misc_feat_tower
D:2:      layout_rooms, uniq_robin
D:3:      layout_basic, xom_butterflies, uniq_terence
D:4:      layout_rooms, mainiacjoe_overflow_alcove_4,
          minmay_temple_entry_arrows, uniq_duvessa, uniq_natasha

Skill      XL: |  1  2  3  4 |
---------------+-------------+-----
Shapeshifting  | 4 |  4.8
Unarmed Combat | 4 |  4.1
Fighting       | |  1.1
Dodging        | |  1.7

Action                     |  1- 3 |  4- 6 || total
---------------------------+-------+-------++-------
  Melee: Unarmed           |   128 |   105 ||   233
         Tailslap          |     5 |    20 ||    25
         Punch             |       |     4 ||     4
    Use: Scroll            |     3 |     8 ||    11
         Potion            |     1 |     4 ||     5
   Stab: Sleeping          |       |     1 ||     1
 Armour: Skin              |    67 |    98 ||   165
  Dodge: Dodged            |    82 |    78 ||   160

Table legend: (Time is in decaauts)
 A = Elapsed time spent in this place.
 B = Non-inter-level travel time spent in this place.
 C = Inter-level travel time spent in this place.
 D = Time resting spent in this place.
 E = Time spent auto-exploring this place.
 F = Levels seen in this place.
 G = Mean time per level.
                   A        B        C        D        E       F      G
               +--------+--------+--------+--------+--------+-----+--------+
         Total |   2720 |   2642 |     78 |    566 |   1555 |   4 |  680.0 |
       Dungeon |   2720 |   2642 |     78 |    566 |   1555 |   4 |  680.0 |
               +--------+--------+--------+--------+--------+-----+--------+

Top non-repeatable levels by time:
     D:1: 1059 daAuts
     D:3: 884 daAuts
     D:2: 554 daAuts
     D:4: 221 daAuts
